AoeStats
← Her0

Arabia

508183523Analyzed
2v2 RM · 12d ago on Sep 21, 2026· 44m 14s· 4 players
Game mode
Random Map
Map size
Medium (4 player)
Population
200
Speed
Normal
Resources
Standard
Victory
Conquest
Starting age
Dark Age
Ending age
Imperial Age
RankedLock teamsTeams togetherTeam positionsShared explorationLock speedFull tech treeHidden civsTurbo modeCheats
Victory
Defeat
🇪🇸 Persians · Spain
1176
+14
🇪🇸 Britons · Spain
1001
+22
🇦🇺 Armenians · Australia
1152
-19
🇦🇺 Ethiopians · Australia
1099
-17
Riven
6:49 Loom
9:03 Feudal Age
9:36 Double-Bit Axe
14:38 Horse Collar
21:41 Castle Age
20:25 Scale Barding Armor
20:32 Forging
21:15 Bloodlines
25:21 Chain Barding Armor
27:54 Iron Casting
27:43 Heavy Plow
27:55 Bow Saw
33:56 Wheelbarrow
34:05 Wheelbarrow
33:34 Gold Mining
37:35 Imperial Age
37:38 Cavalier
39:14 Plate Barding Armor
41:30 Fletching
Her0
6:43 Loom
9:46 Feudal Age
12:58 Double-Bit Axe
16:45 Fletching
17:35 Padded Archer Armor
23:10 Gold Mining
25:41 Castle Age
25:06 Horse Collar
25:53 Crossbowman
25:54 Elite Skirmisher
27:11 Bow Saw
27:53 Bodkin Arrow
31:34 Wheelbarrow
31:35 Leather Archer Armor
33:45 Stone Mining
37:45 Ballistics
38:24 Gold Shaft Mining
39:05 Forging
41:21 Town Watch
41:53 Hand Cart
44:33 Imperial Age
Bingham02
6:05 Loom
10:13 Feudal Age
13:31 Horse Collar
13:40 Double-Bit Axe
17:28 Fletching
23:44 Castle Age
23:27 Gold Mining
23:53 Crossbowman
24:38 Thumb Ring
24:36 Crossbowman
25:25 Padded Archer Armor
27:27 Thumb Ring
34:34 Thumb Ring
36:54 Gold Shaft Mining
39:16 Ballistics
BinG
3:03 Loom
10:14 Feudal Age
14:19 Man-at-Arms
15:23 Arson
17:37 Scale Mail Armor
18:22 Long Swordsman
28:18 Castle Age
26:40 Pikeman
29:17 Forging
29:28 Gambesons
30:06 Halberdier
31:43 Squires
34:23 Chain Mail Armor
37:21 Two-Handed Swordsman
41:07 Double-Bit Axe
Connection lost

Rejoining the realm…

Still unreachable

The connection could not be restored.

Session expired

The server has moved on; the page needs a fresh start.